 BcadrenCrawl: Boulder Brew version 0.06.7.3-20-gf43d639004 (webtiles) character file.

Game seed: 2963524778636334654

9 nightchill the Caller (level 2, 0/3 HPs) Fairy Summoner. Began on Sept 21, 2023. Slain by a bat (1 damage) ... on level 1 of the Dungeon on Oct 5, 2023. The game lasted 00:02:29 (218 turns).

nightchill the Caller (Fairy Summoner)               Turns: 218, Time: 00:02:29

Health: 0/3        AC:  0    Str:  2    XL:     2 ^: 28
Magic:  3/3        EV: 20    Int: 17    God:
Gold:   0          SH:  0    Dex: 17    Spells: 4/6 levels left

rFire    . . .     Slash    +   (no jewelry)
rCold    . . .     Pierce   +
rNeg     . . .     Bludgeon +
rCorr    . . .     Vision   .
rPois    .         rElec    .
MR       .....
HPRegen  0.11/turn
MPRegen  0.13/turn
Stlth    +.........

@: glowing, slow
A: tiny, no armour or weapons, only one jewelry slot, no melee attacks, fairy
magic, fairy shield, decreased potion and divine healing, unfitting armour,
flight, slowness 1, fairy light 1, insubstantial
a: Fly


You were on level 1 of the Dungeon.
You were not hungry.

You visited 1 branch of the dungeon, and saw 1 of its levels.

Inventory:

Jewellery
 a - an uncursed ring of dexterity
Comestibles
 b - a ration
 c - 10 chunks of flesh


   Skills:
 + Level 2.7 Dodging
 + Level 1.4 Stealth
 + Level 2.6 Spellcasting
 + Level 4.3 Summonings
 + Level 1.1 Fire Magic


You had 4 spell levels left.
You knew the following spells:

 Your Spells              Type           Power        Failure   Level  Hunger
a - Summon Small Mammal Summ 17 (200) 3% 1 0-15 b - Foxfire Fire           6 (25)       12%         1    0-15

Your spell library contained the following spells:

 Spells                   Type           Power        Failure   Level  Hunger
 Call Canine Familiar Summ 17 (100) 4% 2 35-75 Call Chameleon Summ 17 (200) 9% 3 75-135 Summon Ice Beast Ice/Summ 9 (100) 58% 4 155-255 Summon Lightning Spire Summ/Air       9 (100)      90%         5    275-435


Dungeon Overview and Level Annotations

Branches:
Dungeon (1/8)

Altars:


Innate Abilities, Weirdness & Mutations

You are too small to use any gear.
You can wear a single ring or amulet completely around your body.
You are incapable of melee of any kind.
Your magic reserves are extremely low but spells that normally cost one mana are free and all other spells cost one mana.
You are extremely frail but all attacks that strike you do exactly one damage.
The effect of potions and godly healing effects is reduced to match your tiny health and magic reserves.
You are able to fly continuously.
You cover ground slowly.
You exude a bright light in a small radius around yourself.
Your insubstantial form grants resistance to all physical attack and full immunity to sticky flames, nets and constriction. (rPhysical+)


Message History

Things that are here:
a +0 club; a +0 hunting sling; a goblin skeleton You butcher the dart slug corpse.
c - 5 chunks of flesh (gained 2)
You butcher the goblin corpse.
c - 7 chunks of flesh (gained 2)
You see here a goblin skeleton. x2
You butcher the hobgoblin corpse.
c - 10 chunks of flesh (gained 3)
You see here a hobgoblin skeleton. x2
A bat comes into view.
The bat hits you (2). The bat hits you (2). The bat barely misses you.
Found a scroll of random uselessness and a +0 ring mail.
You swing at nothing.
Cast which spell? (? or * to list)
The bat closely misses you.
Unknown command.
The bat hits you (2).
You die...

........).......###
)......##......##.##
........##.....#...# ..
...............'.<.+ ...
#.......###[...#...#....
##......##....÷##.##..#.
#...........÷..###.....
......................#
.....##.......@......#
.. #.......).b...... .
.....#####........ .....
#r....... #....
........? .... .........
#.. ..........
.[........ ...........


You could see a bat and a friendly rat (summoned).

Vanquished Creatures
  A dart slug (D:1)
  A goblin (D:1)
  A kobold (D:1)
  2 rats (D:1)
5 creatures vanquished.

Vanquished Creatures (collateral kills)
  2 goblins (D:1)
  A hobgoblin (D:1)
3 creatures vanquished.

Vanquished Creatures (others)
  14 foxfires (D:1)
14 creatures vanquished.

Grand Total: 22 creatures vanquished

Notes
Turn   | Place    | Note
-------+----------+-------------------------------------------
     0 | D:1      | nightchill the Fairy Summoner began the quest for the Orb.
     0 | D:1      | Reached XP level 1. HP: 3/3 MP: 3/3
   166 | D:1      | Reached XP level 2. HP: 3/3 MP: 3/3
   218 | D:1      | Slain by a bat

Illustrated notes

Levels and vault maps discovered:
D:1:      dpeg_arrival_shelter, layout_cave_pools, st_stairs_7,
          kennysheep_generic_room_11

Action                   || total
-------------------------++-------
 Cast: Summon Small Mamm ||     9
       Foxfire           ||     7
Dodge: Dodged            ||    11
